 Dungeon Crawl Stone Soup version 0.27.1-3-gb3d3a73c9e (webtiles) character file.

Game seed: 17968931361110867279

48 Descartes the Sneak (level 3, -2/20 HPs)
             Began as a Deep Elf Wanderer on Oct 29, 2021.
             Slain by Terence (6 damage)
             ... on level 1 of the Dungeon.
             The game lasted 00:04:09 (2372 turns).

Descartes the Sneak (Deep Elf Wanderer)             Turns: 2372, Time: 00:04:10

Health: -2/20      AC:  2    Str:  7    XL:     3   Next: 50%
Magic:  2/9        EV: 11    Int: 16    God:
Gold:   114        SH:  0    Dex: 17    Spells: 7/8 levels left

rFire    + . .     SeeInvis .   g - staff of fire
rCold    . . .     Faith    .   (no shield)
rNeg     . . .     Spirit   .   d - +0 robe
rPois    .         Reflect  .   (no helmet)
rElec    .         Harm     .   (no cloak)
rCorr    .         Rampage  .   (no gloves)
Will     .....                  (no boots)
Stlth    +++.......             (no amulet)
HPRegen  0.06/turn              (no ring)
MPRegen  0.11/turn              (no ring)

@: no status effects
A: no striking features
a: no special abilities


You were on level 1 of the Dungeon.
You visited 1 branch of the dungeon, and saw 2 of its levels.

You collected 114 gold pieces.

Inventory:

Hand Weapons
 a - a +2 dagger
Missiles
 h - 60 stones
Armour
 d - a +0 robe (worn)
Magical Staves
 g - a staff of fire (weapon)
Scrolls
 c - a scroll of teleportation
 f - a scroll of enchant armour {unknown}
 i - a scroll of magic mapping {unknown}
 j - a scroll of acquirement {unknown}
Potions
 b - a potion of heal wounds
 e - 2 potions of attraction {unknown}
 k - a potion of lignification {unknown}
 l - a potion of haste {unknown}


   Skills:
 - Level 1.5 Fighting
 - Level 1.3 Polearms
 - Level 3.6 Stealth
 - Level 3.0 Spellcasting
 + Level 2.3 Conjurations
 + Level 2.8 Fire Magic


You had 7 spell levels left.
You knew the following spells:

 Your Spells              Type           Power      Damage    Failure   Level
a - Foxfire               Conj/Fire      64%        2x1d7     6%          1

Your spell library contained the following spells:

 Spells                   Type           Power      Damage    Failure   Level
 Conjure Flame            Conj/Fire      16%        6-21      19%         3


Dungeon Overview and Level Annotations

Branches:
Dungeon (2/15)

Altars:

Annotations:
D:1 Terence


Message History

Casting: Foxfire (safe; 6% risk of failure)
Confirm with . or Enter, or press ? or * to list all spells.
You feel a surge of power!
You conjure some foxfire!
Terence barely misses you.
Casting: Foxfire (safe; 6% risk of failure)
Confirm with . or Enter, or press ? or * to list all spells.
You feel a surge of power!
You conjure some foxfire!
The foxfire hits Terence.
Terence is heavily wounded.
The foxfire hits Terence.
Terence is severely wounded.
Terence closely misses you. Terence closely misses your foxfire.
Casting: Foxfire (safe; 6% risk of failure)
Confirm with . or Enter, or press ? or * to list all spells.
You feel a surge of power!
You conjure some foxfire!
The foxfire hits Terence but does no damage.
Terence is heavily wounded.
The foxfire hits Terence but does no damage.
Terence is heavily wounded.
Terence closely misses you.
Terence hits your foxfire with a +0 hand axe.
Terence hits your foxfire with a +0 hand axe!
Casting: Foxfire (safe; 6% risk of failure)
Confirm with . or Enter, or press ? or * to list all spells.
You feel a surge of power!
You conjure some foxfire!
The foxfire hits Terence but does no damage.
Terence is heavily wounded.
The foxfire hits Terence but does no damage.
Terence is heavily wounded.
Terence hits you with a +0 hand axe.
* * * LOW HITPOINT WARNING * * *
Terence closely misses your foxfire.
Casting: Foxfire (safe; 6% risk of failure)
Confirm with . or Enter, or press ? or * to list all spells.
You feel a surge of power!
You conjure some foxfire!
The foxfire hits Terence but does no damage.
Terence is heavily wounded.
The foxfire hits Terence.
Terence is severely wounded.
Terence shouts, "Now you die!" Terence hits you with a +0 hand axe.
You die...

#.#...........# #.#
#.#.########### #.# #.#.#
##########.# ### #.#.#
#.......##.# #.. #.#.#
#.......##.# #.# #####.#.#
#.......##.# #..
......#.######..§....##.#########
#######.........v§....#.#........
##############.@@v....#.#.######.
......................#........#.
#############.........###.####.#.
..#[......>...#######..........#.
###.##...###### ##.###.######.
#.##...###########.......# #.
#.##...'.................# #.
###.##...###########.#####.#####.
.##.##...# #.........##..........


You could see Terence (ally target).

Vanquished Creatures
  An adder (D:2)
  2 worms (D:2)
  A dart slug (D:1)
  A ball python (D:1)
  2 bats (D:1)
  5 endoplasms
  5 giant cockroaches
  A goblin (D:2)
  A hobgoblin (D:1)
  2 quokkas (D:1)
  2 frilled lizards (D:1)
  A kobold (D:2)
  4 rats
28 creatures vanquished.

Vanquished Creatures (others)
  171 foxfires
171 creatures vanquished.

Grand Total: 199 creatures vanquished

Notes
Turn   | Place    | Note
-------+----------+-------------------------------------------
     0 | D:1      | Descartes the Deep Elf Wanderer began the quest for the
                  | Orb.
     0 | D:1      | Descartes set off with the following items: a +2 dagger, a
                  | potion of heal wounds, a scroll of teleportation, a +0
                  | robe; and the following spell memorised: Foxfire; and the
                  | following spells available to memorise: Conjure Flame
     0 | D:1      | Reached XP level 1. HP: 12/12 MP: 6/6
   329 | D:1      | Reached skill level 1 in Conjurations
   340 | D:1      | Reached XP level 2. HP: 16/16 MP: 1/8
  1550 | D:2      | Reached XP level 3. HP: 20/20 MP: 5/9
  2326 | D:2      | Noticed Terence
  2372 | D:1      | Slain by Terence

Illustrated notes

Levels and vault maps discovered:
D:1:      matt_arrival_refuge, layout_basic, minmay_box_of_dots
D:2:      layout_loops_ring, uniq_jessica, uniq_terence

Skill      XL: |  1  2 |
---------------+-------+-----
Conjurations   | 1 2 |  2.3
Fire Magic     | 2 |  2.8
Fighting       | |  1.5
Polearms       | |  1.3
Stealth        | |  3.6
Spellcasting   | |  3.0

Action                   || total
-------------------------++-------
Melee: Staff             ||     3
 Cast: Foxfire           ||   113
 Stab: Sleeping          ||     1
Armor: Robe              ||     5
Dodge: Dodged            ||    22
